 Dungeon Crawl Stone Soup version 0.26-a0-466-g989023bd0d (webtiles) character file.

Game seed: 2071225216032723712

20966 Lanoc the Impaler (level 12, -7/98 HPs)
             Began as a Merfolk Gladiator on Aug 2, 2020.
             Was a High Priest of Makhleb.
             Killed by divine providence
             ... invoked by a meliai
              (13 damage)
             ... on level 12 of the Dungeon.
             The game lasted 00:24:52 (13015 turns).

Lanoc the Impaler (Merfolk Gladiator)              Turns: 13015, Time: 00:24:53

Health: -7/98      AC: 17    Str: 15    XL:     12   Next: 85%
Magic:  19/19      EV: 24    Int:  8    God:    Makhleb [*****.]
Gold:   733        SH:  5    Dex: 19    Spells: 11/11 levels left

rFire    + + .     SeeInvis +   I - +0 halberd
rCold    . . .     Faith    .   (shield currently unavailable)
rNeg     . . .     Spirit   .   m - +4 ring mail
rPois    .         Reflect  +   c - +0 helmet
rElec    +         Harm     .   (no cloak)
rCorr    .                      S - +1 pair of gloves
MR       +....                  C - +2 pair of boots
Stlth    +.........             M - amulet "Vexulet" {Reflect rElec rF++ MR+ SH+5 SInv}
HPRegen  0.26/turn              f - +4 ring of evasion
MPRegen  0.16/turn              n - ring of see invisible

@: studying Hexes
A: change form in water, swift swim, stealthy swim
a: Minor Destruction, Lesser Servant of Makhleb, Major Destruction, Greater
Servant of Makhleb, Renounce Religion


You were on level 12 of the Dungeon.
You worshipped Makhleb.
Makhleb was extremely pleased with you.
You visited 2 branches of the dungeon, and saw 13 of its levels.
You also visited: Sewer and Ossuary.

You collected 733 gold pieces.

Inventory:

Hand Weapons
 w - the +9 mace "Lulicliv" {drain, rN+}
   (You found it on level 5 of the Dungeon)

   A truly terrible weapon, it drains the life of those it strikes.
   It protects you from negative energy.
 I - a +0 halberd (weapon)
 J - a +3 scimitar of flaming
Missiles
 d - 4 throwing nets (quivered)
Armour
 c - a +0 helmet (worn)
 m - a +4 ring mail (worn)
 C - a +2 pair of boots (worn)
 S - a +1 pair of gloves (worn)
Jewellery
 f - a +4 ring of evasion (left hand)
 n - a ring of see invisible (right hand)
 G - an uncursed ring of resist corrosion
 M - the amulet "Vexulet" (around neck) {Reflect rElec rF++ MR+ SH+5 SInv}
   (You found it on level 9 of the Dungeon)

   [amulet of reflection]

   It shields you and reflects attacks.
   It greatly protects you from fire.
   It insulates you from electricity.
   It affects your resistance to hostile enchantments.
   It lets you see invisible.
   It affects your SH (+5).
Wands
 q - a wand of iceblast (8)
 x - a wand of acid (8)
 H - a wand of clouds (5)
 L - a wand of paralysis (5)
 O - a wand of disintegration (21)
 R - a wand of digging (4)
Scrolls
 b - 2 scrolls of magic mapping
 e - 2 scrolls of enchant weapon
 g - 4 scrolls of teleportation
 h - 8 scrolls of identify
 j - 3 scrolls of fog {unknown}
 k - 2 scrolls of amnesia {unknown}
 l - 2 scrolls of fear {unknown}
 p - a scroll of noise {unknown}
 y - 7 scrolls of random uselessness {unknown}
 A - 9 scrolls of immolation {unknown}
 B - a scroll of torment {unknown}
 D - a scroll of summoning {unknown}
 E - 2 scrolls of remove curse
Potions
 o - a potion of curing
 r - 3 potions of flight
 s - a potion of ambrosia
 t - 3 potions of might
 u - 3 potions of mutation
 v - 2 potions of haste
 z - a potion of berserk rage
 F - a potion of lignification
 N - 2 potions of heal wounds {unknown}
 Q - a potion of brilliance {unknown}
Books
 P - a manual of Hexes


   Skills:
 + Level 10.4 Fighting
 + Level 15.8 Polearms
 - Level 2.0 Throwing
 + Level 6.1 Armour
 + Level 12.5 Dodging
 + Level 9.6 Invocations


You had 11 spell levels left.
You didn't know any spells.
Your spell library contained the following spells:

 Spells                   Type           Power        Failure   Level
 Beastly Appendage        Tmut           #.....       61%         1
 Sandblast                Erth           #.....       61%         1
 Passwall                 Tmut/Erth      #.......     75%         2
 Wereblood                Tmut           #.......     75%         2
 Confusing Touch          Hex            #.......     93%         3
 Gell's Gravitas          Tloc           #.........   93%         3
 Portal Projectile        Hex/Tloc       #.....       93%         3
 Spider Form              Tmut/Pois      #.........   93%         3
 Stone Arrow              Conj/Erth      #.....       93%         3
 Ice Form                 Ice/Tmut       #.......     100%        4
 Petrify                  Tmut/Erth      #.......     100%        4
 Blade Hands              Tmut           #.........   100%        5
 Lee's Rapid Deconstruct  Erth           #.........   100%        5
 Metabolic Englaciation   Hex/Ice        #.........   100%        5
 Yara's Violent Unravell  Hex/Tmut       #.........   100%        5
 Dispersal                Tloc           #.........   100%        6
 Controlled Blink         Tloc           N/A          100%        8
 Disjunction              Tloc           #.........   100%        8


Dungeon Overview and Level Annotations

Branches:
Dungeon (12/15)            Temple (1/1) D:5            Lair (0/6) D:8
  Sewer (visited)         Ossuary (visited)
    Orc: D:9-12

Altars:
Ashenzari
Dithmenos
Fedhas
Gozag
Hepliaklqana
Makhleb
Okawaru
Trog
Uskayaw
Vehumet
Wu Jian

Shops:
D:10 (

Annotations:
D:9 Quyrgheo's ghost, novice FoAK


Message History

You completely miss the meliai.
The meliai is almost dead.
You feel sick. The efreet completely misses you. The meliai closely misses you.
The meliai stings you!
* * * LOW HITPOINT WARNING * * *
Unknown command.
You miss the meliai.
The meliai is almost dead.
You feel sick. The meliai completely misses you. x2
The efreet gestures at you. The bolt of fire hits you. You resist.
* * * LOW HITPOINT WARNING * * *
The two-headed ogre misses you.
The two-headed ogre hits you with a +0 giant club!!
* * * LOW HITPOINT WARNING * * *
You feel better. The meliai completely misses you.
The meliai stings you but does no damage.
The meliai mumbles some strange prayers to its god against you.
Something smites you!
You die...

#..○###......#
#...###......#
.########.......######
...............(#
..........((....#
.........#.W....#
##########....(.#
#........cOyR##############
#..........@(#............#
#......(.>..('............#
#............#(...........#
#.....†......####......#'##
#............#.....###.#.#
#............#......<#.#.#
#............#.........#.#
..............#.....#####.#
..............#.....'.....#


You could see a centaur warrior, a two-headed ogre, an efreet, a wraith and a
meliai.

Vanquished Creatures
  Erolcha (D:11)
  A hydra (D:12)
  A two-headed ogre (D:11)
  Erica (D:9)
  A deep elf knight (D:10)
  A glowing orange brain (D:10)
  4 unseen horrors
  Pikel (D:4)
  2 ugly things
  2 cyclopes (D:12)
  A spectral centaur (D:9)
  Maurice (D:8)
  Psyche (D:11)
  A gargoyle (D:10)
  A yaktaur (D:10)
  2 trolls
  Grinder (D:4)
  4 hippogriffs
  A wyvern (D:10)
  A shadow (D:10)
  3 wraiths
  A basilisk (D:8)
  Menkaure (D:7)
  3 vampire mosquitoes (D:9)
  Grum (D:11)
  10 yaks
  An acid dragon (D:11)
  Duvessa (D:4)
  4 orc warriors
  4 ice beasts
  2 sky beasts (D:6)
  2 black bears
  A necrophage (D:10)
  An eye of draining (D:12)
  7 phantoms
  2 wolves (D:11)
  7 ogres
  7 centaurs
  2 crocodiles
  8 bullfrogs
  A wyvern zombie (D:9)
  A water moccasin zombie (D:10)
  A gnoll sergeant (D:10)
  Dowan (D:4)
  A scorpion (D:8)
  3 wights (D:9)
  10 killer bees (D:10)
  A howler monkey (D:9)
  3 centaur zombies
  A crimson imp (D:3)
  A jelly (D:11)
  A quasit (D:10)
  3 hounds
  3 bullfrog zombies
  5 orc priests
  4 bullfrog skeletons
  2 human zombies (Ossuary)
  Ijyb (D:3)
  4 centaur skeletons
  A gnoll shaman (D:4)
  8 orc wizards
  10 iguanas
  7 worker ants
  A big kobold zombie (Ossuary)
  2 hound skeletons
  6 mummies
  Robin (D:4)
  8 gnolls
  17 adders
  4 shadow imps
  3 white imps
  2 ufetubi (D:8)
  An ooze (D:3)
  2 adder zombies
  An adder skeleton (D:5)
  A worm (D:2)
  A dart slug (D:1)
  5 leopard geckos
  30 orcs
  2 ball pythons
  8 bats
  9 giant cockroaches
  A gnoll zombie (Ossuary)
  29 goblins
  10 hobgoblins
  12 jackals
  9 kobolds
  10 quokkas
  3 frilled lizards
  2 hobgoblin zombies (Ossuary)
  A jackal skeleton (D:6)
  2 kobold zombies (Ossuary)
  A quokka zombie (D:6)
  7 rats
361 creatures vanquished.

Vanquished Creatures (others)
  An orc wizard (D:9)
1 creature vanquished.

Grand Total: 362 creatures vanquished

Notes
Turn   | Place    | Note
-------+----------+-------------------------------------------
     0 | D:1      | Lanoc the Merfolk Gladiator began the quest for the Orb.
     0 | D:1      | Reached XP level 1. HP: 16/16 MP: 1/1
    94 | D:1      | Reached XP level 2. HP: 17/23 MP: 2/2
   212 | D:1      | Reached skill level 5 in Polearms
   435 | D:1      | Reached XP level 3. HP: 24/28 MP: 3/3
   781 | D:2      | Reached XP level 4. HP: 21/34 MP: 4/4
  1199 | D:2      | Reached skill level 6 in Polearms
  1588 | D:3      | Found a radiant altar of Vehumet.
  1588 | D:3      | Found a burning altar of Makhleb.
  1625 | D:3      | Reached skill level 5 in Dodging
  1625 | D:3      | Reached XP level 5. HP: 28/41 MP: 5/5
  1683 | D:3      | Found a glowing drain.
  1725 | Sewer    | Entered a sewer
  1818 | Sewer    | Noticed a crocodile
  1833 | Sewer    | Killed a crocodile
  1833 | Sewer    | Reached skill level 7 in Polearms
  1833 | Sewer    | Reached XP level 6. HP: 16/48 MP: 6/6
  2387 | D:3      | Found an iron altar of Okawaru.
  2481 | D:3      | Became a worshipper of Makhleb the Destroyer
  2980 | D:4      | Noticed Ijyb
  2980 | D:4      | Noticed a phantom
  3001 | D:3      | Killed Ijyb
  3046 | D:4      | Noticed Robin
  3046 | D:4      | Noticed Grinder
  3082 | D:4      | Paralysed by Grinder for 5 turns
  3092 | D:4      | Killed Grinder
  3092 | D:4      | Reached skill level 8 in Polearms
  3092 | D:4      | Reached skill level 1 in Invocations
  3092 | D:4      | Reached XP level 7. HP: 25/55 MP: 6/8
  3095 | D:4      | Killed Robin
  3229 | D:4      | Noticed Duvessa
  3271 | D:4      | Killed Duvessa
  3273 | D:4      | Noticed Dowan
  3518 | D:4      | Killed Dowan
  3524 | D:4      | Reached skill level 9 in Polearms
  3566 | D:4      | Reached XP level 8. HP: 51/61 MP: 8/10
  3568 | D:4      | Noticed Pikel
  3615 | D:4      | Killed Pikel
  3615 | D:4      | Reached * piety under Makhleb
  3615 | D:4      | Reached skill level 5 in Fighting
  3615 | D:4      | Reached skill level 10 in Polearms
  4183 | D:4      | Found a shattered altar of Ashenzari.
  4346 | D:5      | Entered Level 5 of the Dungeon
  4405 | D:5      | Reached skill level 11 in Polearms
  4405 | D:5      | Reached XP level 9. HP: 66/69 MP: 12/12
  4412 | D:5      | Got a warped mace
  4413 | D:5      | Identified the +9 mace "Lulicliv" {drain, rN+} (You found
                  | it on level 5 of the Dungeon)
  4938 | D:5      | Reached skill level 1 in Armour
  4972 | D:5      | Reached ** piety under Makhleb
  4985 | D:5      | Found a staircase to the Ecumenical Temple.
  4998 | Temple   | Entered the Ecumenical Temple
  5181 | D:5      | Found a hazy altar of Hepliaklqana.
  5640 | D:6      | Reached skill level 5 in Invocations
  5654 | D:6      | Reached skill level 12 in Polearms
  5851 | D:6      | Noticed a troll
  5874 | D:6      | Killed a troll
  5999 | D:6      | Found a shadowy altar of Dithmenos.
  6207 | D:6      | Found an opulent altar of Gozag.
  6216 | D:6      | Reached XP level 10. HP: 73/79 MP: 14/14
  6246 | D:6      | Found a hide-covered altar of Uskayaw.
  6249 | D:6      | Found an ornate altar of the Wu Jian Council.
  6275 | D:6      | Found a blossoming altar of Fedhas.
  6674 | D:7      | Noticed Menkaure
  6697 | D:7      | Killed Menkaure
  6697 | D:7      | Reached skill level 13 in Polearms
  6737 | D:7      | Reached *** piety under Makhleb
  6783 | D:7      | Found a sand-covered staircase.
  6797 | Ossuary  | Entered an ossuary
  7269 | D:7      | Noticed an unseen horror
  7284 | D:7      | Killed an unseen horror
  7589 | D:8      | Noticed Maurice
  7637 | D:8      | Killed Maurice
  8265 | D:8      | Noticed a brown ugly thing
  8675 | D:8      | Found a staircase to the Lair.
  8703 | D:8      | Killed a brown ugly thing
  8703 | D:8      | Reached skill level 14 in Polearms
  8703 | D:8      | Reached skill level 10 in Dodging
  8801 | D:8      | Reached XP level 11. HP: 83/86 MP: 16/16
  8941 | D:8      | Got a slimy great sword
  8942 | D:8      | Identified the +5 great sword "Orb Guardian's Death"
                  | {vorpal, Int+2} (You found it on level 8 of the Dungeon)
  9269 | D:9      | Noticed Erica
  9286 | D:9      | Killed Erica
  9414 | D:9      | Reached **** piety under Makhleb
  9608 | D:9      | Found a bloodstained altar of Trog.
  9683 | D:9      | Found a transporter.
  9683 | D:9      | Noticed Quyrgheo's ghost (novice FoAK)
  9685 | D:9      | Found a transporter.
  9817 | D:9      | Got a shimmering ruby amulet
  9823 | D:9      | Identified the amulet "Vexulet" {Reflect rElec rF++ MR+
                  | SH+5 SInv} (You found it on level 9 of the Dungeon)
 10206 | D:10     | Entered Level 10 of the Dungeon
 10466 | D:10     | Noticed a glowing orange brain
 10470 | D:10     | Found a shattered altar of Ashenzari.
 10476 | D:10     | Noticed a deep elf knight
 10486 | D:10     | Killed a deep elf knight
 10503 | D:10     | Killed a glowing orange brain
 10512 | D:10     | Found a shattered altar of Ashenzari.
 10827 | D:10     | Reached skill level 5 in Armour
 10833 | D:10     | Reached ***** piety under Makhleb
 11059 | D:10     | Reached XP level 12. HP: 96/96 MP: 18/18
 11131 | D:10     | Reached skill level 15 in Polearms
 11398 | D:10     | Found Ucrahoas's Antique Weapon Shoppe.
 11890 | D:11     | Noticed a two-headed ogre
 11901 | D:11     | Killed a two-headed ogre
 12177 | D:11     | Noticed Grum
 12197 | D:11     | Killed Grum
 12295 | D:11     | Noticed Psyche
 12303 | D:11     | Killed Psyche
 12352 | D:11     | Reached skill level 10 in Fighting
 12418 | D:11     | Noticed Erolcha
 12431 | D:11     | Killed Erolcha
 12858 | D:12     | Noticed a five-headed hydra
 12875 | D:12     | Killed a one-headed hydra
 12995 | D:12     | Noticed a centaur warrior
 12996 | D:12     | Noticed a two-headed ogre
 13014 | D:12     | HP: 1/98 [two-headed ogre/+0 giant club (19)]
 13015 | D:12     | Killed from afar by a meliai

Illustrated notes

Levels and vault maps discovered:
D:1:      eino_arrival_cavern_a, layout_loops_ring, minmay_ruptured
D:2:      cheibrodos_greedy_goblins, layout_rooms, hex_medium
D:3:      layout_loops_corners, grunt_temple_overflow_lords_of_destruction,
          kennysheep_okawaru_gauntlet, portal_sewer_entry_f
D:4:      layout_basic, nicolae_ashenzari_panopticon, uniq_pikel, uniq_robin,
          uniq_ijyb, uniq_grinder, uniq_duvessa
D:5:      layout_basic, nicolae_overflow_crystal_walls,
          minmay_temple_entry_statues_fountains, hangedman_decor_lopped
D:6:      cheibrodos_barr_body, layout_loops_corners,
          grunt_temple_overflow_cloverleaf, grunt_dithmenos_smoke_and_mirrors
D:7:      layout_basic, gup_ossuary_entry_pyramid, uniq_menkaure
D:8:      layout_rooms, david_lair_generic, minmay_diamond_spiral, uniq_maurice
D:9:      layout_roguey, old_standard_altar, gammafunk_ghost_mausoleum,
          uniq_erica
D:10:     layout_basic, serial_shops, nicolae_shop_stone, jmf_multi_god_temple
D:11:     layout_stronghold, uniq_grum, uniq_psyche, uniq_erolcha
D:12:     layout_basic, minmay_orc_entry_temple_small, minivault_28
Temple:   nicolae_temple_figure_eight

Skill      XL: |  1  2  3  4  5  6  7  8  9 10 11 12 |
---------------+-------------------------------------+-----
Polearms       | 5 6 7 8 9 11 12 14 15 | 15.8
Fighting       | 3 4 6 7 8 9 10 | 10.4
Dodging        | 5 6 7 9 10 11 12 | 12.5
Invocations    | 1 2 4 5 6 8 9 |  9.6
Armour         | 2 3 5 6 |  6.1
Throwing       | |  2.0

Action                   |  1- 3 |  4- 6 |  7- 9 | 10-12 || total
-------------------------+-------+-------+-------+-------++-------
Melee: Trident           |    78 |   282 |   488 |   465 ||  1313
       Tailslap          |       |     1 |       |       ||     1
       Halberd           |       |       |       |   710 ||   710
       Scimitar          |       |       |       |     7 ||     7
  Use: Potion            |       |     2 |       |     3 ||     5
       Scroll            |       |       |       |    13 ||    13
 Stab: Sleeping          |     1 |     2 |       |       ||     3
       Distracted        |       |     1 |       |       ||     1
Armor: Leather armour    |    14 |    27 |       |       ||    41
       Ring mail         |       |    28 |    64 |   151 ||   243
       Skin              |       |     3 |     9 |       ||    12
Dodge: Dodged            |    50 |   198 |   313 |   764 ||  1325
Block: Other             |       |       |       |   106 ||   106
       Reflection        |       |       |       |     9 ||     9
       Rpst.: Scimitar   |       |       |       |     1 ||     1

Table legend: (Time is in decaauts)
 A = Elapsed time spent in this place.
 B = Non-inter-level travel time spent in this place.
 C = Inter-level travel time spent in this place.
 D = Time resting spent in this place.
 E = Time spent auto-exploring this place.
 F = Levels seen in this place.
 G = Mean time per level.
                   A        B        C        D        E       F      G
               +--------+--------+--------+--------+--------+-----+--------+
         Total |  12529 |  12086 |    443 |    792 |   8390 |  15 |  835.3 |
       Dungeon |  11918 |  11475 |    443 |    792 |   7953 |  12 |  993.2 |
        Temple |      1 |      1 |      0 |      0 |      0 |   1 |    1.0 |
         Sewer |    372 |    372 |      0 |      0 |    287 |   1 |  372.0 |
       Ossuary |    236 |    236 |      0 |      0 |    149 |   1 |  236.0 |
               +--------+--------+--------+--------+--------+-----+--------+

Top non-repeatable levels by time:
    D:10: 1465 daAuts
     D:3: 1386 daAuts
     D:4: 1321 daAuts
     D:6: 1231 daAuts
     D:7: 1210 daAuts
     D:9: 1074 daAuts
    D:11: 1031 daAuts
     D:8: 899 daAuts
     D:2: 755 daAuts
     D:5: 687 daAuts
     D:1: 675 daAuts
   Sewer: 372 daAuts
 Ossuary: 236 daAuts
    D:12: 179 daAuts
  Temple: 1 daAuts
